 Dungeon Crawl Stone Soup version 0.28-a0-1435-g82390b3a13 (webtiles) character file.

Game seed: 7999596592351535294

45 oldriver the Ruffian (level 3, 0/33 HPs)
             Began as a Ghoul Chaos Knight on Jan 10, 2022.
             Was a Plaything of Xom.
             Slain by Terence (7 damage)
             ... on level 3 of the Dungeon.
             The game lasted 00:01:18 (1665 turns).

oldriver the Ruffian (Ghoul Chaos Knight)           Turns: 1665, Time: 00:01:19

Health: 0/33       AC:  8    Str: 17    XL:     3   Next: 64%
Magic:  2/2        EV: 11    Int:  7    God:    Xom [.....*]
Gold:   75         SH:  0    Dex:  8    Spells: 2/2 levels left

rFire   . . .      SeeInvis .     - Unarmed
rCold   + . .      Faith    .   (no shield)
rNeg    + + +      Spirit   .   a - +2 leather armour
rPois   ∞          Reflect  .   (no helmet)
rElec   .          Harm     .   (no cloak)
rCorr   .          Rampage  .   f - +2 pair of gloves
Will    .....                   (no boots)
Stlth   +.........              (no amulet)
HPRegen 0.00/turn               (no ring)
MPRegen 0.08/turn               (no ring)

@: inhibited regen
A: claws 1, cold resistance 1, negative energy resistance 3, inhibited
regeneration, torment resistance 2
a: Renounce Religion


You were on level 3 of the Dungeon.
You worshipped Xom.
You were Xom's teddy bear.
You visited 1 branch of the dungeon, and saw 3 of its levels.

You collected 75 gold pieces.

Inventory:

Armour
 a - a +2 leather armour (worn)
 f - a +2 pair of gloves (worn)
Scrolls
 b - a scroll of identify {unknown}
 d - a scroll of magic mapping {unknown}
Potions
 c - 2 potions of flight {unknown}
 e - a potion of degeneration {unknown}


   Skills:
 * Level 3.9 Fighting
 + Level 2.0 Armour
 * Level 1.6 Dodging
 * Level 3.9 Unarmed Combat


You had 2 spell levels left.
You didn't know any spells.
Your spell library contained the following spells:

 Spells                   Type           Power      Damage    Failure   Level
 Sandblast                Erth           0%         2d4       50%         1
 Passwall                 Tmut/Erth      0%         N/A       63%         2
 Stone Arrow              Conj/Erth      0%         3d7       86%         3


Dungeon Overview and Level Annotations

Branches:
Dungeon (3/15)

Altars:
Gozag
Xom

Annotations:
D:3 Terence


Innate Abilities, Weirdness & Mutations

You thrive by killing the living.
You are immune to poison.
You have sharp fingernails.
Your flesh is cold resistant. (rC+)
You are immune to negative energy. (rN+++)
You do not regenerate when monsters are visible.
You are immune to unholy pain and torment.


Message History

You hit Terence but do no damage.
Terence is lightly wounded.
Terence hits you with a +0 trident of venom.
You closely miss Terence.
Terence is lightly wounded.
Terence hits you with a +0 trident of venom!
You hit Terence.
Terence is heavily wounded.
Terence closely misses you.
You hit Terence but do no damage.
Terence is heavily wounded.
Terence misses you.
You hit Terence but do no damage.
Terence is heavily wounded.
Terence closely misses you.
You barely miss Terence. You punch Terence, but do no damage.
Terence is heavily wounded.
Terence barely misses you.
You closely miss Terence.
Terence is heavily wounded.
Terence closely misses you.
You hit Terence.
Terence is heavily wounded.
Terence barely misses you.
You hit Terence. You punch Terence.
Terence is severely wounded.
You closely miss Terence.
Terence is severely wounded.
Terence hits you with a +0 trident of venom.
* * * LOW HITPOINT WARNING * * *
You barely miss Terence. You punch Terence, but do no damage.
Terence is severely wounded.
Terence hits you but does no damage.
You hit Terence but do no damage.
Terence is severely wounded.
Terence barely misses you.
You hit Terence but do no damage.
Terence is severely wounded.
Terence hits you with a +0 trident of venom!
You die...

#.<...#
#.###.# #.#
#.# #.###.#
#.....########
#.#.#.........
#.#..#########
#.##.# #@##.#
#@##.# #.##.#
#.##.# #.##.#
#.##.# #.# #.#


You could see Terence.

Vanquished Creatures
  An adder (D:2)
  2 dart slugs (D:2)
  2 ball pythons
  3 endoplasms
  2 goblins (D:1)
  3 hobgoblins
  3 quokkas
  4 bats
  2 frilled lizards (D:1)
  3 kobolds
  7 rats
32 creatures vanquished.

Notes
Turn   | Place    | Note
-------+----------+-------------------------------------------
     0 | D:1      | oldriver the Ghoul Chaos Knight began the quest for the
                  | Orb.
     0 | D:1      | Reached XP level 1. HP: 19/19 MP: 0/0
    77 | D:1      | Reached skill level 1 in Dodging
   206 | D:1      | Reached XP level 2. HP: 26/26 MP: 1/1
   328 | D:1      | XOM: silly message
   970 | D:2      | Found an opulent altar of Gozag.
   979 | D:2      | XOM: silly message
  1016 | D:2      | XOM: silly message
  1018 | D:2      | Reached XP level 3. HP: 31/33 MP: 2/2
  1433 | D:2      | XOM: scenery: create altars
  1635 | D:3      | Noticed Terence
  1665 | D:3      | Slain by Terence

Illustrated notes

Levels and vault maps discovered:
D:1:      heliophobic_arrival_dark_side_of_the_moon, layout_basic,
          kennysheep_nondescript, corexii_leaking_fountain
D:2:      layout_loops_corners, basic_altar
D:3:      layout_loops_ring, mainiacjoe_overflow_24_doors,
          okawaru_ov_weapons_minmay, hellmonk_ecumenical_altar_watching_god,
          ebering_ghost_sewer_d, uniq_natasha, uniq_terence, uniq_robin

Skill      XL: |  1  2  3 |
---------------+----------+-----
Dodging        | 1 |  1.6
Armour         | 2 |  2.0
Fighting       | |  3.9
Unarmed Combat | |  3.9

Action                   || total
-------------------------++-------
Melee: Unarmed           ||    92
       Punch             ||     6
Armor: Leather armour    ||    36
Dodge: Dodged            ||    47

Table legend: (Time is in decaauts)
 A = Elapsed time spent in this place.
 B = Non-inter-level travel time spent in this place.
 C = Inter-level travel time spent in this place.
 D = Time resting spent in this place.
 E = Time spent auto-exploring this place.
 F = Levels seen in this place.
 G = Mean time per level.
                   A        B        C        D        E       F      G
               +--------+--------+--------+--------+--------+-----+--------+
         Total |   1658 |   1556 |    102 |      0 |   1335 |   3 |  552.7 |
       Dungeon |   1658 |   1556 |    102 |      0 |   1335 |   3 |  552.7 |
               +--------+--------+--------+--------+--------+-----+--------+

Top non-repeatable levels by time:
     D:2: 990 daAuts
     D:1: 623 daAuts
     D:3: 44 daAuts
